 Dungeon Crawl Stone Soup version 0.28-a0-1212-gc6b4282bc0 (webtiles) character file.

Game seed: 10033537437489632242

18799 ChaosChampion the Martial Artist (level 12, -2/71 HPs)
             Began as an Octopode Transmuter on Dec 21, 2021.
             Was a High Priest of Cheibriados.
             Killed from afar by a catoblepas (9 damage)
             ... with a blast of calcifying dust
             ... on level 14 of the Dungeon.
             The game lasted 00:30:28 (18173 turns).

ChaosChampion the Martial Artist (OpTm)            Turns: 18173, Time: 00:30:29

Health: -2/71      AC:  6    Str: 29      XL:     12   Next: 62%
Magic:  17/18      EV: 31    Int: 39      God:    Cheibriados [*****.]
Gold:   702        SH:  0    Dex: 29 (30) Spells: 14/23 levels left

rFire   . . .      SeeInvis .     - Unarmed
rCold   + . .      Faith    .   (shield currently unavailable)
rNeg    + . .      Spirit   .   (helmet currently unavailable)
rPois   x          Reflect  .   (no amulet)
rElec   .          Harm     .   n - +4 ring of protection
rCorr   .          Rampage  .   o - ring of protection from cold
Will    .....                   s - ring of positive energy
Stlth   ++........              y - +6 ring of strength
HPRegen 0.21/turn               L - +4 ring of evasion
MPRegen 0.16/turn               M - +6 ring of intelligence
                                (no ring)
                                (no ring)

@: spider-form, very slow
A: venomous fangs, almost no armour, (amphibious), 8 rings, tiny, (camouflage
1), (gelatinous body 1), (nimble swimmer 1), (tentacles), deterioration 1, frail
1, low mp 1
a: End Transformation, Renounce Religion, Bend Time, Temporal Distortion,
Slouch, Step From Time


You were on level 14 of the Dungeon.
You worshipped Cheibriados.
Cheibriados was extremely pleased with you.
You were a venomous arachnid creature.
You visited 2 branches of the dungeon, and saw 16 of its levels.
You also visited: Ossuary.

You collected 918 gold pieces.
You spent 216 gold pieces at shops.

Inventory:

Missiles
 f - 3 datura-tipped darts
 N - 2 throwing nets
Magical Staves
 p - a staff of poison (melded)
Jewellery
 n - a +4 ring of protection (left front leg)
 o - a ring of protection from cold (right front leg)
 s - a ring of positive energy (on tentacle)
 y - a +6 ring of strength (on tentacle)
 L - a +4 ring of evasion (on tentacle)
 M - a +6 ring of intelligence (on tentacle)
Wands
 q - a wand of flame (14)
 B - a wand of paralysis (13) (quivered)
 F - a wand of polymorph (11)
 H - a wand of acid (4)
Scrolls
 c - 6 scrolls of teleportation
 i - 2 scrolls of fog
 l - 2 scrolls of fear
 t - 4 scrolls of noise
 w - a scroll of enchant armour
 D - 2 scrolls of torment
 J - a scroll of brand weapon
Potions
 a - 3 potions of flight
 b - a potion of heal wounds
 d - a potion of cancellation
 e - 3 potions of haste
 g - 2 potions of magic
 h - 3 potions of ambrosia
 j - a potion of brilliance
 k - 4 potions of resistance
 m - 2 potions of curing
 r - 4 potions of attraction
 u - a potion of berserk rage
 v - a potion of lignification
 z - a potion of degeneration
 I - a potion of invisibility


   Skills:
 + Level 6.2 Fighting
 + Level 6.1 Dodging
 * Level 12.0 Unarmed Combat
 + Level 6.0 Spellcasting
 + Level 8.3 Transmutations
 - Level 10.8 Poison Magic
 + Level 6.2 Invocations


You had 14 spell levels left.
You knew the following spells:

 Your Spells              Type           Power      Damage    Failure   Level
a - Petrify               Tmut/Erth      44%        N/A       14%         4
b - Wereblood             Tmut           67%        N/A       1%          2
c - Spider Form           Tmut/Pois      72%        N/A       1%          3

Your spell library contained the following spells:

 Spells                   Type           Power      Damage    Failure   Level
 Beastly Appendage        Tmut           100%       N/A       1%          1
 Ice Form                 Ice/Tmut       44%        N/A       14%         4
 Fireball                 Conj/Fire      5%         3d5       80%         5
 Metabolic Englaciation   Hex/Ice        5%         N/A       80%         5
 Statue Form              Tmut/Erth      29%        N/A       80%         6
 Starburst                Conj/Fire      5%         6d4       100%        6
 Ignition                 Fire           5%         3d4       100%        8


Dungeon Overview and Level Annotations

Branches:
Dungeon (15/15)            Temple (1/1) D:4            Lair (0/6) D:10
    Orc (0/2) D:11        Ossuary (visited)
 Vaults: D:13-14     Depths: D:15

Altars:
Ashenzari
Cheibriados
Dithmenos
Elyvilon
Fedhas
Gozag
Hepliaklqana
Kikubaaqudgha
Makhleb
Nemelex Xobeh
Okawaru
Qazlal
Ru
Sif Muna
Trog
Uskayaw
Vehumet
Wu Jian
Xom
Yredelemnul
Zin
The Shining One

Shops:
D:2 ?   D:4 !   D:9 *[=(   D:14 !

Portals:
Trove: D:12 (give 3 potions of resistance)

Annotations:
D:7 3 runed translucent doors, Fortus's ghost, novice TrWr
D:12 exclusion: oklob plant


Innate Abilities, Weirdness & Mutations

You are a venomous arachnid creature.
You have poisonous fangs.
You are tiny and dextrous.
Your spellcasting is less reliable in this form.
Your armour is entirely melded.
You are incapable of wielding weapons or throwing items.
You cannot wear most types of armour.
((You are amphibious.))
You can wear up to eight rings at the same time.
((Your skin changes colour to match your surroundings (Stealth+).))
((Your rubbery body absorbs attacks. (AC +1, EV +1)))
((You are camouflaged when in or above water. (Stealth+)))
((You have tentacles for arms and can constrict up to eight enemies at once.))
Your body sometimes deteriorates upon taking damage.
You are frail. (-10% HP)
Your magical capacity is low. (-10% MP)


Message History

You feel a surge of power!
You turn into a venomous arachnid creature.
Your staff of poison melds into your body.
You bite the catoblepas!
The catoblepas is poisoned.
The catoblepas is lightly wounded.
The catoblepas completely misses you.
You maul the catoblepas!!
The catoblepas looks as sick as possible!
The catoblepas is moderately wounded.
The catoblepas gores you but does no damage.
You bite the catoblepas!
The catoblepas looks as sick as possible!
The catoblepas is heavily wounded.
The catoblepas breathes a plume of calcifying dust at you.
The blast of calcifying dust hits you. The catoblepas completely misses you.
The catoblepas misses you.
You hit the catoblepas but do no damage.
The catoblepas looks as sick as possible!
The catoblepas is heavily wounded.
You maul the catoblepas!!
The catoblepas looks as sick as possible!
The catoblepas is severely wounded.
The catoblepas breathes a plume of calcifying dust at you.
The blast of calcifying dust hits you.
* * * LOW HITPOINT WARNING * * *
The catoblepas breathes a plume of calcifying dust at you.
The blast of calcifying dust hits you.
* * * LOW HITPOINT WARNING * * *
The catoblepas barely misses you.
The catoblepas breathes a plume of calcifying dust at you.
The blast of calcifying dust hits you!
* * * LOW HITPOINT WARNING * * *
The catoblepas misses you.
The centaur warrior shouts!
You hit the catoblepas.
The catoblepas looks as sick as possible!
The catoblepas is almost dead.
The catoblepas breathes a plume of calcifying dust at you.
The blast of calcifying dust hits you!
You die...

#......########
#.............####
.................#
.###.#.#.#.#.#.#.# ##
#.#.#.#.#.#.#.##
#.###.###.###..#
##............§§#
#.............Y§#
###..#.#.###.#.#s.#
.....#.#...#.#.#..##
.....###.###.###c..##
....................#
....................#
.....###.###.###....#
.....#.÷.#.....#....#
.....###.###.###..>.#
....................#


You could see a catoblepas (extremely poisoned) and a centaur warrior.

Vanquished Creatures
  Snorg (D:10)
  A boulder beetle (D:11)
  A hydra (D:14)
  A centaur warrior (D:15)
  An ugly thing (D:12)
  2 manticores
  2 unseen horrors
  2 komodo dragons (D:10)
  A troll (D:10)
  12 slime creatures
  3 shadows
  34 yaks
  A wraith (D:12)
  2 steam dragons
  Grum (D:10)
  2 vampire mosquitoes (D:12)
  7 water moccasins
  A hornet zombie (D:9)
  4 orc warriors
  4 sky beasts
  5 black bears
  An ogre (D:4)
  2 wolves (D:10)
  2 centaurs
  A phantom (D:6)
  6 kobold brigands
  An elf zombie (Ossuary)
  2 bullfrogs (D:8)
  2 gnoll sergeants
  2 scorpions
  A wyvern skeleton (D:7)
  A water moccasin zombie (D:3)
  A water moccasin skeleton (D:6)
  9 killer bees
  3 howler monkeys
  A bullfrog zombie (D:5)
  2 human zombies (Ossuary)
  5 centaur zombies
  4 hounds
  4 orc priests
  A gnoll shaman (D:8)
  Jessica (D:3)
  A centaur skeleton (D:7)
  2 iguanas (D:6)
  7 orc wizards
  2 scorpion zombies (D:5)
  2 hound zombies (Ossuary)
  3 mummies (Ossuary)
  2 howler monkey zombies
  12 gnolls
  2 howler monkey skeletons
  8 adders
  2 white imps
  An ufetubus (D:4)
  3 adder zombies (Ossuary)
  An adder skeleton (D:5)
  2 worms
  2 dart slugs
  37 orcs
  5 bats
  12 endoplasms
  6 giant cockroaches
  A gnoll zombie (Ossuary)
  8 hobgoblins
  29 kobolds
  8 quokkas
  8 ball pythons
  5 frilled lizards
  6 goblins
  A goblin zombie (Ossuary)
  4 hobgoblin zombies (Ossuary)
  2 jackal zombies (Ossuary)
  4 kobold zombies (Ossuary)
  An orc zombie (Ossuary)
  10 quokka zombies (Ossuary)
  7 rats
  A rat zombie (Ossuary)
347 creatures vanquished.

Vanquished Creatures (others)
  69 fungi
  48 plants (D:10)
  8 toadstools (D:5)
125 creatures vanquished.

Grand Total: 472 creatures vanquished

Notes
Turn   | Place    | Note
-------+----------+-------------------------------------------
     0 | D:1      | ChaosChampion the Octopode Transmuter began the quest for
                  | the Orb.
     0 | D:1      | Reached XP level 1. HP: 13/13 MP: 3/3
   356 | D:1      | Reached XP level 2. HP: 18/18 MP: 3/5
   697 | D:1      | Learned a level 2 spell: Wereblood
  1153 | D:1      | Reached XP level 3. HP: 13/23 MP: 6/6
  1645 | D:2      | Found Huazotoz's Magic Scroll Shoppe.
  1704 | D:2      | Bought a scroll of identify for 28 gold pieces
  1704 | D:2      | Bought a scroll of identify for 28 gold pieces
  1745 | D:2      | Reached skill level 4 in Unarmed Combat
  1778 | D:2      | Learned a level 3 spell: Spider Form
  2325 | D:2      | Reached XP level 4. HP: 28/28 MP: 7/7
  2730 | D:3      | Reached skill level 5 in Unarmed Combat
  2730 | D:3      | Reached XP level 5. HP: 28/33 MP: 2/8
  2979 | D:3      | Noticed Jessica
  3021 | D:3      | Killed Jessica
  3618 | D:4      | Found a staircase to the Ecumenical Temple.
  3626 | Temple   | Entered the Ecumenical Temple
  3930 | Temple   | Became a worshipper of Cheibriados the Contemplative
  4031 | D:4      | Reached skill level 1 in Poison Magic
  4031 | D:4      | Reached XP level 6. HP: 38/38 MP: 2/9
  4488 | D:4      | Noticed a black bear
  4705 | D:4      | Killed a black bear
  4851 | D:4      | Found Jaxkoegh's Distillery.
  4866 | D:4      | Bought a potion of curing for 30 gold pieces
  4866 | D:4      | Bought a potion of attraction for 30 gold pieces
  4992 | D:5      | Entered Level 5 of the Dungeon
  5171 | D:4      | Reached XP level 7. HP: 30/44 MP: 5/10
  5232 | D:5      | Reached skill level 6 in Unarmed Combat
  5232 | D:5      | Reached * piety under Cheibriados
  5344 | D:5      | Found a shadowy altar of Dithmenos.
  5841 | D:5      | Reached XP level 8. HP: 18/51 MP: 9/12
  6254 | D:5      | Found a sparkling altar of Nemelex Xobeh.
  6299 | D:5      | Reached ** piety under Cheibriados
  6488 | D:5      | Noticed a slime creature
  6488 | D:5      | Noticed a slime creature
  6488 | D:5      | Noticed a slime creature
  6509 | D:5      | Killed a slime creature
  6510 | D:5      | Reached skill level 7 in Unarmed Combat
  6510 | D:5      | Reached skill level 5 in Poison Magic
  7232 | D:6      | Reached XP level 9. HP: 45/57 MP: 9/14
  7412 | D:6      | Reached skill level 5 in Transmutations
  8002 | D:7      | Reached *** piety under Cheibriados
  8019 | D:7      | Found a runed translucent gate.
  8019 | D:7      | Found a runed translucent gate.
  8019 | D:7      | Found a runed translucent gate.
  8019 | D:7      | Noticed Fortus's ghost (novice TrWr)
  8054 | D:7      | Reached skill level 8 in Unarmed Combat
  8175 | D:7      | Found a sand-covered staircase.
  8194 | Ossuary  | Entered an ossuary
  8332 | Ossuary  | Reached **** piety under Cheibriados
  9197 | D:8      | Reached XP level 10. HP: 62/65 MP: 10/16
  9725 | D:8      | Reached ***** piety under Cheibriados
  9726 | D:8      | Reached skill level 5 in Dodging
 10434 | D:9      | Found Sungapig's Jewellery Boutique.
 10446 | D:9      | Found Dific's Antique Weapon Emporium.
 10529 | D:9      | HP: 3/65 [poisoned by a water moccasin]
 10913 | D:9      | Found Equb's Antique Armour Emporium.
 11084 | D:9      | Reached skill level 9 in Unarmed Combat
 11090 | D:9      | Reached skill level 1 in Invocations
 11099 | D:9      | Reached skill level 5 in Fighting
 11099 | D:9      | Reached skill level 5 in Spellcasting
 11329 | D:9      | Found Uhail's Assorted Antiques.
 11371 | D:9      | Found a shimmering blue altar of Sif Muna.
 11972 | D:10     | Entered Level 10 of the Dungeon
 11982 | D:10     | Killed an unseen horror
 12170 | D:10     | Reached XP level 11. HP: 23/71 MP: 15/18
 12583 | D:10     | Reached skill level 10 in Unarmed Combat
 12593 | D:10     | Identified the +1 shortbow of the Bear {flame, MP-9 Dex+9}
 12649 | D:10     | Reached skill level 10 in Poison Magic
 13165 | D:10     | Found a staircase to the Lair.
 13277 | D:10     | Noticed Snorg
 13292 | D:10     | Killed Snorg
 13573 | D:10     | Noticed Grum
 13581 | D:10     | Killed Grum
 14228 | D:11     | Noticed a boulder beetle
 14530 | D:11     | Killed a boulder beetle
 14531 | D:11     | Reached skill level 11 in Unarmed Combat
 14834 | D:11     | Reached skill level 5 in Invocations
 14835 | D:11     | Reached ****** piety under Cheibriados
 14934 | D:11     | Found a staircase to the Orcish Mines.
 15003 | D:11     | Reached XP level 12. HP: 77/77 MP: 14/19
 15904 | D:12     | Found a portal to a secret trove of treasure.
 16184 | D:4      | Bought a potion of resistance for 100 gold pieces
 16459 | D:12     | Found a blossoming altar of Fedhas.
 17361 | D:13     | Gained mutation: Your body sometimes deteriorates upon
                  | taking damage. [potion of mutation]
 17361 | D:13     | Gained mutation: Your magical capacity is low. (-10% MP)
                  | [potion of mutation]
 17361 | D:13     | Gained mutation: You are frail. (-10% HP) [potion of
                  | mutation]
 17400 | D:13     | Learned a level 4 spell: Petrify
 17564 | D:13     | You fall into a shaft and drop 2 floors!
 17564 | D:15     | Entered Level 15 of the Dungeon
 17665 | D:15     | Noticed a centaur warrior
 17680 | D:15     | Killed a centaur warrior
 17709 | D:14     | Found Myann's Distillery.
 17719 | D:14     | Noticed a four-headed hydra
 17731 | D:14     | HP: 3/71 [four-headed hydra (13)]
 17735 | D:14     | Killed a four-headed hydra
 17736 | D:14     | Reached skill level 12 in Unarmed Combat
 18108 | D:14     | Noticed a centaur warrior
 18108 | D:14     | Noticed a catoblepas
 18173 | D:14     | Killed from afar by a catoblepas

Illustrated notes

Levels and vault maps discovered:
D:1:      shiori_arrival_elements, layout_loops_ring, due_unseen_surprise
D:2:      layout_basic, serial_shops, shop
D:3:      layout_basic, uniq_jessica
D:4:      layout_gridville, minmay_temple_entry_tees, serial_shops,
          nicolae_shop_waterfront
D:5:      cheibrodos_fertilizer, layout_gridville, general_overflow_altar,
          mainiacjoe_overflow_boulevard, gup_sewer_entry_spiral
D:6:      layout_cave_pools, grunt_ministairs_8, minmay_quadrilaterals
D:7:      layout_rooms, ebering_ghost_rock_garden,
          nicolae_ossuary_entry_false_entrances
D:8:      layout_cave_pods
D:9:      layout_irregular_city, mainiacjoe_overflow_alcove_2, serial_shops,
          shop, nicolae_square_shop, shop, nicolae_stop_n_shop_2, serial_glass,
          glass_columns_b, glass_columns_a
D:10:     layout_basic, due_lair_maze_entry_diamond, uniq_grum, uniq_snorg
D:11:     layout_basic, orc_0_dummy, lemuel_flamethrower_hall
D:12:     layout_basic, enter_trove_0, tgw_fedhas
D:13:     layout_big_octagon, hangedman_vaults_entry_quadrant_bands,
          portal_ice_cave_entry_animals_and_master
D:14:     minmay_slanted_spiral_squares, layout_cave_pods, serial_park,
          serial_park_square3 [serial_park_minivault_5x5_2],
          amcnicky_mini_pool_small, serial_shops, bzr_firewalk, shop,
          minmay_misc_feat_nine_boxes, uniq_nessos, uniq_kirke
D:15:     gammafunk_enter_depths_forms, layout_basic, minmay_curled_crystal,
          nemelex_spade_bored_becter
Temple:   mainiacjoe_temple_bowtie_tessellation

Skill      XL: |  1  2  3  4  5  6  7  8  9 10 11 12 |
---------------+-------------------------------------+-----
Unarmed Combat | 4 5 6 7 8 9 11 12 | 12.0
Transmutations | 3 4 5 6 7 8 |  8.3
Poison Magic   | 1 2 3 5 7 9 10 | 10.8
Fighting       | 2 3 4 5 6 |  6.2
Dodging        | 3 4 5 6 |  6.1
Spellcasting   | 3 4 5 6 |  6.0
Invocations    | 2 5 6 |  6.2

Action                   |  1- 3 |  4- 6 |  7- 9 | 10-12 || total
-------------------------+-------+-------+-------+-------++-------
Melee: Unarmed           |    90 |    64 |   328 |   487 ||   969
       Tentacles         |    10 |    17 |    17 |     6 ||    50
       Constrict         |    13 |    22 |    13 |     2 ||    50
       Kick              |     7 |    12 |       |       ||    19
       Punch             |     2 |     4 |     4 |     2 ||    12
       Staff             |       |    41 |    38 |    16 ||    95
 Cast: Beastly Appendage |    14 |     5 |       |     1 ||    20
       Wereblood         |     4 |    12 |    20 |    41 ||    77
       Spider Form       |     1 |     8 |    33 |    53 ||    95
Invok: Temporal Distorti |       |       |       |     2 ||     2
       Step From Time    |       |       |       |     1 ||     1
       Slouch            |       |       |       |     1 ||     1
  Use: Scroll            |     3 |     3 |    11 |    13 ||    30
       Potion            |       |       |     3 |    11 ||    14
 Stab: Sleeping          |     7 |     3 |     1 |     1 ||    12
Armor: Skin              |     6 |    24 |    82 |    60 ||   172
Dodge: Dodged            |    57 |   104 |   391 |   644 ||  1196

Table legend: (Time is in decaauts)
 A = Elapsed time spent in this place.
 B = Non-inter-level travel time spent in this place.
 C = Inter-level travel time spent in this place.
 D = Time resting spent in this place.
 E = Time spent auto-exploring this place.
 F = Levels seen in this place.
 G = Mean time per level.
                   A        B        C        D        E       F      G
               +--------+--------+--------+--------+--------+-----+--------+
         Total |  23264 |  21719 |   1545 |   3406 |  13270 |  17 | 1368.5 |
       Dungeon |  22486 |  20997 |   1489 |   3406 |  13049 |  15 | 1499.1 |
        Temple |    360 |    304 |     56 |      0 |    213 |   1 |  360.0 |
       Ossuary |    418 |    418 |      0 |      0 |      8 |   1 |  418.0 |
               +--------+--------+--------+--------+--------+-----+--------+

Top non-repeatable levels by time:
    D:10: 2911 daAuts
     D:9: 2614 daAuts
    D:12: 2073 daAuts
     D:5: 1947 daAuts
    D:11: 1875 daAuts
     D:4: 1852 daAuts
     D:8: 1850 daAuts
     D:1: 1595 daAuts
     D:7: 1281 daAuts
     D:3: 1275 daAuts
     D:6: 1106 daAuts
     D:2: 1024 daAuts
    D:14: 586 daAuts
 Ossuary: 418 daAuts
  Temple: 360 daAuts
